 Dungeon Crawl Stone Soup version 0.22.1-2-g9c5b331383 (webtiles) character file.

15773 Pytinka the Severer (level 12, -1/106 HPs)
             Began as a Minotaur Fighter on Dec 23, 2018.
             Was a High Priest of Okawaru.
             Slain by a freezing wraith (2 damage)
             ... led by a death knight
             ... on level 11 of the Dungeon.
             The game lasted 00:19:35 (10791 turns).

Pytinka the Severer (Minotaur Fighter)             Turns: 10791, Time: 00:19:35

Health: -1/106     AC: 18    Str: 26    XL:     12   Next: 4%
Magic:  2/12       EV: 14    Int: 13    God:    Okawaru [*****.]
Gold:   578        SH:  0    Dex: 14    Spells: 11/11 levels left

rFire    + + .     SeeInvis .   H - +4 battleaxe
rCold    . . .     Gourm    .   (shield currently unavailable)
rNeg     . . .     Faith    .   o - +5 chain mail "Viriy" {rF+}
rPois    +         Spirit   .   P - +0 hat "Wecidd Picu" {Int+4 Dex+4}
rElec    .         Reflect  .   (no cloak)
rCorr    .         Harm     .   (no gloves)
MR       .....                  (no boots)
Stlth    ..........             (no amulet)
HPRegen  0.27/turn              w - +4 ring of intelligence
MPRegen  0.13/turn              (no ring)

@: heroism
A: retaliatory headbutt, horns 2, fire resistance 1, poison resistance
a: Heroism, Finesse, Renounce Religion


You were on level 11 of the Dungeon.
You worshipped Okawaru.
Okawaru was extremely pleased with you.
You were not hungry.

You visited 2 branches of the dungeon, and saw 12 of its levels.

You collected 668 gold pieces.
You spent 90 gold pieces at shops.

Inventory:

Hand Weapons
 u - a +0 war axe of freezing
 H - a +4 battleaxe (weapon)
Armour
 c - a +0 shield
 j - a +2 ring mail of cold resistance
 l - a +2 scale mail of fire resistance
 o - the +5 chain mail "Viriy" (worn) {rF+}
   (You took it off an orc on level 3 of the Dungeon)

   It protects you from fire.
 P - the +0 hat "Wecidd Picu" (worn) {Int+4 Dex+4}
   (Okawaru gifted it to you on level 9 of the Dungeon)

   It affects your intelligence (+4).
   It affects your dexterity (+4).
 Q - a +1 hat
Jewellery
 w - a +4 ring of intelligence (left hand)
 x - an uncursed amulet of the acrobat
 z - an uncursed ring of wizardry
 K - an uncursed ring of fire
Wands
 y - a wand of acid (3)
 F - a wand of iceblast (20)
 I - a wand of paralysis (10)
 O - a wand of digging (10)
 S - a wand of flame (24)
Scrolls
 e - a scroll of noise {unknown}
 g - 2 scrolls of magic mapping
 h - 3 scrolls of immolation
 i - 3 scrolls of amnesia {unknown}
 k - 3 scrolls of teleportation
 n - 6 scrolls of fear {unknown}
 p - a scroll of enchant armour {unknown}
 B - 5 scrolls of enchant weapon {unknown}
 C - a scroll of random uselessness {unknown}
 D - a scroll of fog {unknown}
 E - 8 scrolls of remove curse
 L - a scroll of blinking {unknown}
 M - 3 scrolls of vulnerability {unknown}
 T - a scroll of identify
Potions
 d - 4 potions of might
 m - a potion of magic {unknown}
 q - 2 potions of resistance {unknown}
 r - a potion of invisibility {unknown}
 s - a potion of lignification {unknown}
 t - 2 potions of cancellation {unknown}
 v - 3 potions of heal wounds {unknown}
 A - 2 potions of mutation
 J - 2 potions of flight {unknown}
 N - a potion of experience {unknown}
Comestibles
 a - a chunk of flesh
 f - 27 rations


   Skills:
 + Level 9.9(14.9) Fighting
 + Level 15.6(20.6) Axes
 + Level 11.2(16.2) Armour
 + Level 4.5(9.5) Dodging
 + Level 1.0(6.0) Stealth
 - Level 8.3(13.3) Shields
 + Level 1.5 Invocations
 + Level 0.5 Evocations


You had 11 spell levels left.
You didn't know any spells.
Your spell library contained the following spells:

 Spells                   Type           Power        Failure   Level  Hunger
 Animate Skeleton         Necr           N/A          73%         1    ##.....
 Apportation              Tloc           #.....       73%         1    ##.....
 Confusing Touch          Hex            #.....       73%         1    ##.....
 Summon Butterflies       Summ           #.......     73%         1    ##.....
 Summon Small Mammal      Summ           #...         73%         1    ##.....
 Call Canine Familiar     Summ           #.......     97%         3    ####...
 Summon Ice Beast         Ice/Summ       #.......     100%        4    #####..
 Summon Mana Viper        Hex/Summ       #.......     100%        5    ######.
 Summon Hydra             Summ           #.........   100%        7    #######


Dungeon Overview and Level Annotations

Branches:
Dungeon (11/15)            Temple (1/1) D:5
   Lair: D:8-11         Orc: D:9-12

Altars:
Elyvilon
Makhleb
Nemelex Xobeh
Okawaru
Trog
Uskayaw
Yredelemnul
Zin
The Shining One
Beogh


Innate Abilities, Weirdness & Mutations

You reflexively headbutt those who attack you in melee.
You have a pair of horns on your head.
Your flesh is heat resistant. (rF+)
Your system is resistant to poisons. (rPois)


Message History

The freezing wraith hits you but does no damage.
The death knight hits you from afar with a glaive!
* * * LOW HITPOINT WARNING * * *
The wraith barely misses you.
You gain the combat prowess of a mighty hero.
Something hits you!
* * * LOW HITPOINT WARNING * * *
The freezing wraith closely misses you. You furiously retaliate!
You headbutt the freezing wraith, but do no damage.
The freezing wraith hits you but does no damage. x3
The wraith closely misses you.
The death knight hits you from afar with a glaive!
* * * LOW HITPOINT WARNING * * *
Okay, then.
It was a potion of mutation.
You feel extremely strange.
You feel resistant to poisons.
You feel resistant to heat. Something hits you but does no damage.
The freezing wraith hits you but does no damage.
The freezing wraith hits you.
You die...

.(...................
........................
........................
....................(...
........................
........................
........................
........$.......{W......
...####...####..@Wp.....
...# #...# #...W......
...# ##### #...##...#.
#### ##### ### #####
....# ....# รท...# #####


You could see a death knight, 2 freezing wraiths and a wraith.

Vanquished Creatures
  Gastronok (D:9)
  Josephine (D:10)
  A hydra (D:10)
  2 two-headed ogres (D:11)
  Pikel (D:7)
  3 trolls
  2 dream sheep (D:10)
  A hippogriff (D:9)
  21 yaks
  Sigmund (D:6)
  2 wyverns
  A human (D:2)
  5 wraiths (D:10)
  Grum (D:10)
  A hungry ghost (D:11)
  2 vampire mosquitoes (D:10)
  Menkaure (D:6)
  An eye of draining (D:11)
  A slave (D:7)
  A hornet zombie (D:11)
  An orc warrior (D:7)
  2 ice beasts
  5 sky beasts
  2 ogres
  A necrophage (D:6)
  2 phantoms
  4 centaurs
  4 wolves (D:10)
  4 big kobolds
  Blork the orc (D:6)
  9 bullfrogs
  2 scorpions
  5 wights (D:7)
  3 howler monkeys
  The ghost of Skull the Chiller, a weakling HuIE (D:3)
  7 crimson imps
  3 quasits
  2 bullfrog zombies
  A centaur skeleton (D:6)
  2 jellies
  2 orc priests
  5 hounds
  2 bullfrog skeletons
  9 worker ants
  6 iguanas
  5 orc wizards
  A human skeleton (D:2)
  2 hound skeletons
  2 worker ant zombies
  3 gnolls (D:8)
  A howler monkey skeleton (D:9)
  10 adders
  2 shadow imps (D:9)
  An ooze (D:7)
  An adder zombie (D:8)
  7 worms
  2 dart slugs
  9 leopard geckos
  24 orcs
  9 bats
  4 giant cockroaches
  7 goblins
  3 hobgoblins
  14 jackals
  4 quokkas
  4 ball pythons
  3 frilled lizards
  A goblin zombie (D:2)
  8 kobolds
  A quokka zombie (D:9)
  5 rats
268 creatures vanquished.

Vanquished Creatures (others)
  A hound (D:7)
  2 orcs (D:7)
3 creatures vanquished.

Grand Total: 271 creatures vanquished

Notes
Turn   | Place    | Note
-------+----------+-------------------------------------------
     0 | D:1      | Pytinka the Minotaur Fighter began the quest for the Orb.
     0 | D:1      | Reached XP level 1. HP: 19/19 MP: 0/0
   185 | D:1      | Reached XP level 2. HP: 27/27 MP: 1/1
   413 | D:2      | Reached XP level 3. HP: 26/33 MP: 2/2
   583 | D:2      | Reached skill level 3 in Axes
   752 | D:2      | Found a runed door.
   752 | D:2      | Noticed a human
   760 | D:2      | Found a basalt altar of Yredelemnul.
   765 | D:2      | Reached XP level 4. HP: 40/40 MP: 3/3
   786 | D:2      | Killed a human
   786 | D:2      | Reached skill level 4 in Axes
   786 | D:2      | Reached skill level 1 in Dodging
   786 | D:2      | Reached XP level 5. HP: 21/47 MP: 4/4
  1228 | D:2      | Noticed a sky beast
  1232 | D:2      | Reached skill level 5 in Shields
  1242 | D:2      | Killed a sky beast
  1242 | D:2      | Reached skill level 5 in Axes
  1242 | D:2      | Reached XP level 6. HP: 24/55 MP: 5/5
  1909 | D:3      | Reached skill level 5 in Armour
  2310 | D:3      | Noticed Skull's ghost (weakling HuIE)
  2311 | D:3      | Found a runed gate.
  2311 | D:3      | Found a runed gate.
  2311 | D:3      | Found a runed gate.
  2312 | D:3      | Found a roughly hewn altar of Beogh.
  2437 | D:3      | Found a bloodstained altar of Trog.
  3115 | D:4      | Reached skill level 5 in Fighting
  3193 | D:3      | Killed Skull's ghost
  3193 | D:3      | Reached XP level 7. HP: 36/61 MP: 6/6
  3204 | D:3      | Got an encrusted chain mail
  3215 | D:3      | Identified the +5 chain mail "Viriy" {rF+} (You took it off
                  | an orc on level 3 of the Dungeon)
  3225 | D:3      | Got a bone whip {slash}
  3231 | D:3      | Identified the cursed +1 whip of the Dragonfly {slash, rF+
                  | rC+} (You took it off an orc on level 3 of the Dungeon)
  3429 | D:4      | Found a basalt altar of Yredelemnul.
  3684 | D:4      | Reached skill level 6 in Axes
  3928 | D:5      | Entered Level 5 of the Dungeon
  4334 | D:5      | Found a staircase to the Ecumenical Temple.
  4484 | Temple   | Entered the Ecumenical Temple
  4498 | Temple   | Became a worshipper of Warmaster Okawaru
  4563 | D:5      | Reached skill level 7 in Axes
  4766 | D:6      | Reached XP level 8. HP: 68/68 MP: 7/7
  4792 | D:6      | Reached * piety under Okawaru
  4793 | D:6      | Reached skill level 8 in Axes
  4866 | D:6      | Noticed Sigmund
  4897 | D:6      | Killed Sigmund
  4974 | D:6      | Noticed Menkaure
  4979 | D:6      | Killed Menkaure
  4993 | D:6      | Reached skill level 9 in Axes
  5200 | D:6      | Reached ** piety under Okawaru
  5345 | D:6      | Noticed Blork the orc
  5355 | D:6      | Killed Blork the orc
  5408 | D:6      | Reached skill level 10 in Axes
  5461 | D:6      | Reached XP level 9. HP: 73/75 MP: 8/8
  5726 | D:7      | Found Zin's Purification Station.
  5731 | D:7      | Found a glowing silver altar of Zin.
  5734 | D:7      | Bought a potion of curing for 90 gold pieces
  5759 | D:7      | Noticed Pikel
  5778 | D:7      | Killed Pikel
  5778 | D:7      | Reached *** piety under Okawaru
  5914 | D:7      | Reached skill level 11 in Axes
  6200 | D:7      | Reached **** piety under Okawaru
  6480 | D:7      | Reached XP level 10. HP: 82/86 MP: 9/9
  6970 | D:8      | You fall through a shaft for 2 floors!
  6970 | D:10     | Entered Level 10 of the Dungeon
  7037 | D:9      | Reached skill level 12 in Axes
  7090 | D:9      | Found a hide-covered altar of Uskayaw.
  7366 | D:9      | Reached skill level 13 in Axes
  7372 | D:9      | Reached ***** piety under Okawaru
  8099 | D:8      | Found a glowing golden altar of the Shining One.
  8236 | D:9      | Found a sparkling altar of Nemelex Xobeh.
  8733 | D:9      | Noticed Gastronok
  8750 | D:9      | Killed Gastronok
  8750 | D:9      | Received a gift from Okawaru
  8750 | D:9      | Reached skill level 14 in Axes
  8750 | D:9      | Reached XP level 11. HP: 51/95 MP: 10/10
  8755 | D:9      | Got a warped hat {god gift}
  8882 | D:9      | Identified the +0 hat "Wecidd Picu" {Int+4 Dex+4} (Okawaru
                  | gifted it to you on level 9 of the Dungeon)
  9264 | D:10     | Noticed Grum
  9278 | D:10     | Killed Grum
  9310 | D:10     | Reached skill level 10 in Armour
  9313 | D:10     | Noticed Josephine
  9320 | D:10     | Killed Josephine
  9587 | D:10     | Reached skill level 15 in Axes
  9628 | D:10     | Noticed a three-headed hydra
  9638 | D:10     | Killed a nine-headed hydra
  9789 | D:10     | Found a white marble altar of Elyvilon.
  9936 | D:10     | Reached skill level 1 in Invocations
 10163 | D:11     | Noticed a two-headed ogre
 10178 | D:11     | Killed a two-headed ogre
 10191 | D:11     | Noticed a two-headed ogre
 10198 | D:11     | Killed a two-headed ogre
 10198 | D:11     | Reached skill level 1 in Stealth
 10618 | D:11     | Reached XP level 12. HP: 71/106 MP: 12/12
 10782 | D:11     | Noticed a death knight
 10790 | D:11     | HP: 1/106 [death knight/glaive (8)]
 10791 | D:11     | Gained mutation: Your system is resistant to poisons.
                  | (rPois) [potion of mutation]
 10791 | D:11     | Gained mutation: Your flesh is heat resistant. (rF+)
                  | [potion of mutation]
 10791 | D:11     | Slain by a freezing wraith

Skill      XL: |  1  2  3  4  5  6  7  8  9 10 11 |
---------------+----------------------------------+-----
Armour         | 4 5 7 9 11 | 11.2
Shields        | 4 5 6 8 |  8.3
Fighting       | 4 5 6 7 8 9 |  9.9
Axes           | 3 4 5 7 10 11 14 15 | 15.6
Dodging        | 1 2 3 4 |  4.5
Invocations    | 1 |  1.5
Stealth        | 1 |  1.0
Evocations     | |  0.5

Action                   |  1- 3 |  4- 6 |  7- 9 | 10-12 || total
-------------------------+-------+-------+-------+-------++-------
Melee: War axe           |    83 |   124 |   236 |       ||   443
       Headbutt          |    12 |    12 |    44 |    73 ||   141
       Battleaxe         |       |       |    15 |   301 ||   316
Invok: Heroism           |       |       |     1 |     3 ||     4
       Finesse           |       |       |       |     1 ||     1
Evoke: Wand              |       |       |       |     1 ||     1
  Use: Scroll            |       |     7 |     3 |     3 ||    13
       Potion            |       |       |       |     3 ||     3
  Eat: Chunk             |       |     7 |    11 |    16 ||    34
Armor: Scale mail        |    40 |    38 |     3 |       ||    81
       Chain mail        |       |       |   109 |   194 ||   303
Dodge: Dodged            |    22 |    29 |    65 |   153 ||   269
Block: Shield            |    55 |    71 |    83 |       ||   209
